 Dungeon Crawl Stone Soup version 0.30-a0-719-gcc4359ea44 (webtiles) character file.

Game seed: 9686784311659618056

7 BigDaddyOpFi the Grave Robber (level 2, 0/20 HPs)
             Began as a Ghoul Necromancer on Jan 26, 2023.
             Slain by a frilled lizard (1 damage)
             ... on level 1 of the Dungeon.
             The game lasted 00:00:42 (186 turns).

BigDaddyOpFi the Grave Robber (Ghoul Necromancer)    Turns: 186, Time: 00:00:42

Health: 0/20       AC:  2    Str: 11    XL:     2   Next: 4%
Magic:  0/3        EV: 12    Int: 10    God:
Gold:   18         SH:  0    Dex:  9    Spells: 3/4 levels left

rFire   . . .      SeeInvis .    c - +0 short sword
rCold   + . .      Faith    .    (no shield)
rNeg    + + +      Spirit   .    a - +0 robe
rPois   ∞          Reflect  .    (no helmet)
rElec   .          Harm     .    (no cloak)
rCorr   .          Rampage  .    (no gloves)
Will    .....                    (no boots)
Stlth   ++                       (no amulet)
HPRegen 0.00/turn                (no ring)
MPRegen 0.08/turn                (no ring)

@: inhibited regen
A: claws 1, cold resistance 1, negative energy resistance 3, inhibited
regeneration, torment resistance 2, devour on kill
a: no special abilities


You were on level 1 of the Dungeon.
You visited 1 branch of the dungeon, and saw 1 of its levels.

You collected 18 gold pieces.

Inventory:

Hand Weapons
 c - a +0 short sword (weapon)
Armour
 a - a +0 robe (worn)
Potions
 b - a potion of magic


   Skills:
 + Level 0.1 Short Blades
 + Level 1.9 Dodging
 + Level 2.4 Stealth
 + Level 1.9 Spellcasting
 + Level 4.1 Necromancy


You had 3 spell levels left.
You knew the following spells:

 Your Spells              Type           Power      Damage    Failure   Level
a - Necrotise             Necr           36%        1d5       6%          1

Your spell library contained the following spells:

 Spells                   Type           Power      Damage    Failure   Level
 Vampiric Draining        Necr           9%         2d6       17%         3
 Animate Dead             Necr           9%         N/A       50%         4
 Agony                    Necr           9%         N/A       85%         5


Dungeon Overview and Level Annotations

Branches:
Dungeon (1/15)

Altars:


Innate Abilities, Weirdness & Mutations

You are immune to poison.
You have sharp fingernails.
Your flesh is cold resistant. (rC+)
You are immune to negative energy. (rN+++)
You do not regenerate when monsters are visible.
You are immune to unholy pain and torment.
You thrive by killing the living.


Message History

You now have 18 gold pieces (gained 8).
You swap places.
Your rat skeleton crumbles into dust! 2 jackals and a frilled lizard come into view.
A jackal comes into view.
The jackal barks! x3
The jackal writhes in agony.
The jackal writhes in agony.
You kill the jackal!
The dead are walking!
The jackal bites you. The jackal bites your jackal skeleton.
The jackal completely misses you. The jackal bites your jackal skeleton.
You have reached level 2!
You are out of magic!
You barely miss the jackal. The jackal bites your jackal skeleton.
Your jackal skeleton is destroyed!
The jackal bites you.
You hit the jackal but do no damage. The jackal bites you.
You barely miss the jackal. The jackal bites you.
The frilled lizard misses you. The jackal bites you.
You are too injured to fight recklessly!
You are too injured to fight recklessly!
You are too injured to fight recklessly!
You are too injured to fight recklessly!
You closely miss the frilled lizard.
The jackal bites you but does no damage.
The jackal bites you.
The frilled lizard bites you but does no damage.
You closely miss the frilled lizard. The jackal misses you.
The jackal bites you.
* * * LOW HITPOINT WARNING * * *
The frilled lizard bites you.
* * * LOW HITPOINT WARNING * * *
The jackal bites you but does no damage.
The jackal bites you.
* * * LOW HITPOINT WARNING * * *
You miss the frilled lizard. The jackal completely misses you.
The jackal bites you but does no damage.
The frilled lizard bites you.
You die...

############### ########
...........##.# #.....#.
.....".....##.###.....#.
...........##.........#.
......l@...##.........#.
......hh...##.........#.
...........##.........#.
........................
#########.####...#+##...
#>..............
#.####...#.#..#. #.#
#...#.#..#. #.#
####.......


You could see 2 jackals and a frilled lizard.

Vanquished Creatures
  An endoplasm (D:1)
  A goblin (D:1)
  A jackal (D:1)
  2 bats (D:1)
  2 kobolds (D:1)
  A rat (D:1)
8 creatures vanquished.

Notes
Turn   | Place    | Note
-------+----------+-------------------------------------------
     0 | D:1      | BigDaddyOpFi the Ghoul Necromancer began the quest for the
                  | Orb.
     0 | D:1      | Reached XP level 1. HP: 14/14 MP: 2/2
   181 | D:1      | Reached XP level 2. HP: 18/20 MP: 0/3
   185 | D:1      | HP: 1/20 [jackal (1)]
   186 | D:1      | Slain by a frilled lizard

Illustrated notes

Levels and vault maps discovered:
D:1:      spicycebolla_arrival_ecumenical, layout_basic

Action                     || total
---------------------------++-------
  Melee: Unarmed           ||    21
         Short sword       ||     8
   Cast: Necrotise         ||     6
 Armour: Robe              ||     9
  Dodge: Dodged            ||    31

Table legend: (Time is in decaauts)
 A = Elapsed time spent in this place.
 B = Non-inter-level travel time spent in this place.
 C = Inter-level travel time spent in this place.
 D = Time resting spent in this place.
 E = Time spent auto-exploring this place.
 F = Levels seen in this place.
 G = Mean time per level.
                   A        B        C        D        E       F      G
               +--------+--------+--------+--------+--------+-----+--------+
         Total |    185 |    185 |      0 |      0 |    130 |   1 |  185.0 |
       Dungeon |    185 |    185 |      0 |      0 |    130 |   1 |  185.0 |
               +--------+--------+--------+--------+--------+-----+--------+

Top non-repeatable levels by time:
     D:1: 185 daAuts
